 Dungeon Crawl Stone Soup version 0.16.0-8-gd9ae3a8 (console) character file.

352 utis the Ducker (level 6, 0/32 HPs)
             Began as a Deep Elf Enchanter on Mar 17, 2015.
             Killed by divine providence
             ... invoked by an orc priest
              (11 damage)
             ... on level 3 of the Dungeon.
             The game lasted 00:10:47 (2924 turns).

utis the Ducker (Deep Elf Enchanter)                Turns: 2924, Time: 00:10:47

Health: 0/32       AC:  3    Str:  5    XL:     6   Next: 34%
Magic:  5/18       EV: 16    Int: 20    God:
Gold:   113        SH:  0    Dex: 17    Spells: 4 memorised, 3 levels left

rFire  . . .     SeeInvis .     a - +1 dagger (venom)
rCold  . . .     Clarity  .     b - +1 robe
rNeg   . . .     SustAb   .     (no shield)
rPois  .         Gourm    .     (no helmet)
rElec  .         Spirit   .     (no cloak)
rCorr  .         Warding  .     (no gloves)
rMut   .         Stasis   .     (no boots)
MR     .....                    (no amulet)
Stlth  +++.......               (no ring)
                                (no ring)

@: very slightly contaminated, not resistant to hostile enchantments, fairly
stealthy
A: no striking features
a: no special abilities


You were on level 3 of the Dungeon.
You were hungry.

You visited 1 branch of the dungeon, and saw 3 of its levels.

You collected 113 gold pieces.

Inventory:

Hand weapons
 a - a +1 dagger of venom (weapon)
 g - a +1 dagger
Armour
 b - a +1 robe (worn)
Scrolls
 e - a scroll of noise {unknown}
 f - 2 scrolls of teleportation {unknown}
 i - a scroll of fear {unknown}
 l - a scroll of enchant armour {unknown}
 m - a scroll of recharging {unknown}
 n - a scroll of random uselessness {unknown}
 v - a scroll of identify
Potions
 h - 2 potions of magic
 j - 2 potions of curing
 k - a potion of brilliance
 q - a potion of heal wounds {unknown}
 r - a potion of might {unknown}
 t - a potion of restore abilities {unknown}
 u - 2 potions of haste
Books
 c - a book of Maledictions

   Spells                             Type                      Level
   a - Corona                         Hexes                        1
   b - Sure Blade                     Hexes/Charms                 2
   c - Ensorcelled Hibernation        Hexes/Ice                    2
   d - Confuse                        Hexes                        3
   e - Dazzling Spray                 Conjuration/Hexes            3
   f - Enslavement                    Hexes                        4
Comestibles
 d - 4 bread rations
 o - 2 chunks of flesh
 p - 2 beef jerkies
 s - 4 fruits
 w - a meat ration


   Skills:
 - Level 4.0 Short Blades
 - Level 5.6 Dodging
 - Level 3.6 Stealth
 - Level 3.0 Spellcasting
 + Level 5.4 Hexes


You had 3 spell levels left.
You knew the following spells:

 Your Spells              Type           Power        Failure   Level  Hunger
a - Corona                Hex            ###....      1%          1    None
b - Ensorcelled Hibernat  Hex/Ice        ##....       10%         2    ##.....
c - Confuse               Hex            ###.....     6%          3    ###....
d - Sure Blade            Hex/Chrm       ##........   10%         2    ##.....


Dungeon Overview and Level Annotations

Branches:
Dungeon (3/15)

Altars:
Nemelex Xobeh
Zin


Message History

The orc hits you with a short sword.
The orc priest shouts!
You hit the orc wizard!
You kill the orc wizard!
The orc wizard shouts!
The orc barely misses you. x2
You hear a shout! x2
You hit the orc wizard.
The orc wizard is poisoned.
The orc wizard is moderately wounded.
The orc misses you. The orc completely misses you.
You barely miss the orc wizard.
The orc wizard is moderately wounded.
The orc priest invokes the aid of Beogh against you.
You struggle to resist.
The orc misses you.
An orc comes into view. It is wielding a club.
The orc shouts!
The orc moves out of view.
The orc hits you with a short sword.
The orc priest calls down the wrath of Beogh upon you.
Something smites you!
You die...

.........#............[..........
..(........#..................#..
...........#..#..#####.<.........
..######.....#...................
.##...###......#.#####...........
##.....##..#..##.#####.....#.....
#...[...#.....##.......#####.....
#..._.........)#####....># #.#...
#.......###..)..@###.###..#..##..
##.....##.....##.oo#.####...####.
>##...##.........o.w......... ...
#######......####)...###..## ##..
..#..###....#..##..##.... # .
#.#..# ##...#.####oo.. #.#..#
#..... ##.># #....# #.#... ...
#...)# #..... #


You could see a worm, an orc priest, an orc wizard (confused) and 3 orcs.

Vanquished Creatures
  An ogre (D:3)
  Sigmund (D:3)
  An iguana (D:3)
  An orc priest (D:3)
  An orc wizard (D:3)
  2 adders
  2 gnolls (D:3)
  An adder zombie (D:1)
  A giant gecko (D:1)
  5 orcs (D:3)
  3 giant cockroaches
  7 goblins
  10 hobgoblins
  2 jackals (D:2)
  9 bats
  A giant cockroach zombie (D:1)
  A giant newt (D:3)
  9 kobolds
  9 rats
67 creatures vanquished.

Notes
Turn   | Place    | Note
--------------------------------------------------------------
     0 | D:1      | utis, the Deep Elf Enchanter, began the quest for the Orb.
     0 | D:1      | Reached XP level 1. HP: 10/10 MP: 5/5
   110 | D:1      | Reached XP level 2. HP: 15/15 MP: 8/8
   479 | D:1      | Learned a level 2 spell: Ensorcelled Hibernation
   740 | D:1      | Reached XP level 3. HP: 19/19 MP: 8/10
  1014 | D:2      | Learned a level 3 spell: Confuse
  1250 | D:2      | Learned a level 2 spell: Sure Blade
  1863 | D:3      | Reached XP level 4. HP: 24/24 MP: 7/13
  1915 | D:3      | Found a glowing silver altar of Zin.
  2052 | D:3      | Noticed Sigmund
  2060 | D:3      | Killed Sigmund
  2060 | D:3      | Reached skill level 5 in Dodging
  2060 | D:3      | Reached XP level 5. HP: 7/28 MP: 11/16
  2323 | D:3      | Found a sparkling altar of Nemelex Xobeh.
  2655 | D:3      | Noticed an ogre
  2665 | D:3      | Killed an ogre
  2665 | D:3      | Reached XP level 6. HP: 22/32 MP: 9/18
  2913 | D:3      | Reached skill level 5 in Hexes
  2924 | D:3      | Killed from afar by an orc priest

Action                   |  1- 3 |  4- 6 || total
-------------------------+-------+-------++-------
Melee: Dagger            |   118 |    47 ||   165
 Cast: Corona            |    11 |       ||    11
       Ensorcelled Hiber |     4 |    11 ||    15
       Sure Blade        |     2 |     1 ||     3
       Confuse           |       |     5 ||     5
  Use: Scroll            |     4 |       ||     4
 Stab: Sleeping          |     8 |     6 ||    14
       Confused          |       |     1 ||     1
  Eat: Chunk             |     2 |     5 ||     7
